 Dungeon Crawl Stone Soup version 0.23.2 (webtiles) character file.

Game seed: 6678851500371547398

51 Gadfly the Sneak (level 3, -4/16 HPs)
             Began as a Spriggan Enchanter on Apr 7, 2019.
             Killed from afar by Natasha (8 damage)
             ... with a magic dart
             ... on level 2 of the Dungeon.
             The game lasted 00:03:19 (2216 turns).

Gadfly the Sneak (Spriggan Enchanter)               Turns: 2216, Time: 00:03:20

Health: -4/16      AC:  2    Str:  4    XL:     3   Next: 58%
Magic:  0/8        EV: 19    Int: 17    God:
Gold:   137        SH:  0    Dex: 16    Spells: 2/8 levels left

rFire    . . .     SeeInvis +   a - +1 dagger
rCold    . . .     Gourm    .   (shield restricted)
rNeg     . . .     Faith    .   b - +0 robe
rPois    .         Spirit   .   (helmet restricted)
rElec    .         Reflect  .   (no cloak)
rCorr    .         Harm     .   (gloves unavailable)
MR       .....                  (boots unavailable)
Stlth    +++.......             (no amulet)
HPRegen  0.05/turn              c - ring of flight
MPRegen  0.11/turn              (no ring)

@: very slightly contaminated, slowed, quick
A: very small, unfitting armour, see invisible, herbivore, speed 3, slow
metabolism 2
a: Evoke Flight


You were on level 2 of the Dungeon.
You were not hungry.

You visited 1 branch of the dungeon, and saw 2 of its levels.

You collected 137 gold pieces.

Inventory:

Hand Weapons
 a - a +1 dagger (weapon)
Armour
 b - a +0 robe (worn)
Jewellery
 c - a ring of flight (left hand)
Scrolls
 f - a scroll of remove curse
 g - a scroll of immolation {unknown}
Potions
 e - a potion of curing {unknown}
 h - a potion of mutation {unknown}
 i - a potion of magic {unknown}
 j - a potion of heal wounds {unknown}
 l - a potion of degeneration {unknown}
Comestibles
 d - 5 rations


   Skills:
 - Level 1.1 Short Blades
 + Level 3.6 Dodging
 * Level 5.4 Stealth
 + Level 3.2 Spellcasting
 * Level 4.3 Hexes


You had 2 spell levels left.
You knew the following spells:

 Your Spells              Type           Power        Failure   Level  Hunger
a - Corona                Hex            ###....      2%          1    None
b - Ensorcelled Hibernat  Hex/Ice        ##....       11%         2    ##.....
c - Confuse               Hex            ###.....     9%          3    ###....

Your spell library contained the following spells:

 Spells                   Type           Power        Failure   Level  Hunger
 Tukima's Dance           Hex            ###.....     9%          3    ###....
 Dazzling Spray           Conj/Hex       ##....       21%         3    ###....


Dungeon Overview and Level Annotations

Branches:
Dungeon (2/15)

Altars:
Elyvilon
Nemelex Xobeh

Annotations:
D:2 Natasha


Innate Abilities, Weirdness & Mutations

You are very small and have problems with some larger weapons.
You are too small for most types of armour.
You have supernaturally acute eyesight. (SInv)
You are a herbivore.
You cover ground extremely quickly.
You need to consume almost no food.


Message History

Natasha wildly gestures.
Natasha shimmers violently.
Natasha growls.
You start resting.
Natasha is too close now for your liking.
Natasha casts a spell at you.
You feel yourself slow down.
Casting: Ensorcelled Hibernation (safe; 11% risk of failure)
Confirm with . or Enter, or press ? or * to list all spells.
Aiming: Ensorcelled Hibernation (safe; 11% risk of failure)
Press: ? - help, Shift-Dir - straight line, f/p - Natasha
Aim: Natasha (chance to defeat MR: 41%) Natasha resists with some effort.
Natasha claws you.
* * * LOW HITPOINT WARNING * * *
You see here 3 stones.
Natasha mumbles some strange words.
Natasha stares at you and mumbles some strange words.
The magic dart hits you!
Ouch! That really hurt!
You die...

# #..........†.......## #
#...........♣._.♣...# #
#...................# #
#.........#≈..♣..≈#.# #
#....(...)#≈≈...≈≈#.# #########
#.........###...###.#
........####..............###..##
#[####.....'.....................
....##...###....@..h.(...########
.....#...# #.............#
.....#...# #.........5...#
._.......# #.............#
.....#...#################
.....#...<..........
....##...##########. #.####..##
.......#####


You could see Natasha and a crimson imp.

Vanquished Creatures
  An adder (D:2)
  An ooze (D:2)
  2 dart slugs (D:1)
  2 leopard geckos
  A bat (D:1)
  3 giant cockroaches
  3 hobgoblins
  A jackal (D:2)
  A quokka (D:2)
  2 frilled lizards
  4 goblins
  7 kobolds
  4 rats
32 creatures vanquished.

Vanquished Creatures (others)
  An orc (D:2)
  A quokka (D:2)
2 creatures vanquished.

Grand Total: 34 creatures vanquished

Notes
Turn   | Place    | Note
-------+----------+-------------------------------------------
     0 | D:1      | Gadfly the Spriggan Enchanter began the quest for the Orb.
     0 | D:1      | Reached XP level 1. HP: 9/9 MP: 5/5
    37 | D:1      | Noticed a rime drake
    37 | D:1      | Noticed a komodo dragon
    37 | D:1      | Noticed a wolf
   213 | D:1      | Reached XP level 2. HP: 13/13 MP: 6/6
   222 | D:1      | Learned a level 2 spell: Ensorcelled Hibernation
   650 | D:1      | Reached skill level 5 in Stealth
  1302 | D:2      | Reached XP level 3. HP: 16/16 MP: 5/8
  1311 | D:2      | Learned a level 3 spell: Confuse
  1961 | D:2      | Found a sparkling altar of Nemelex Xobeh.
  2145 | D:2      | Found a white marble altar of Elyvilon.
  2178 | D:2      | Noticed Natasha
  2216 | D:2      | Killed from afar by Natasha

Skill      XL: |  1  2 |
---------------+-------+-----
Hexes          | 4 |  4.3
Spellcasting   | 3 |  3.2
Stealth        | 5 |  5.4
Short Blades   | |  1.1
Dodging        | |  3.6

Action                   || total
-------------------------++-------
Melee: Dagger            ||   151
 Cast: Ensorcelled Hiber ||    12
  Use: Scroll            ||     4
 Stab: Sleeping          ||    13
       Distracted        ||     1
Armor: Robe              ||    12
Dodge: Dodged            ||   113
